 Dungeon Crawl Stone Soup version 0.28.0-53-g5a82cb258f (webtiles) character file.

Game seed: 10008301968669254070

98 GigaChad the Shield-Bearer (level 4, -4/36 HPs)
             Began as a Minotaur Fighter on Aug 22, 2022.
             Was a Follower of Hepliaklqana.
             Slain by an iguana (7 damage)
             ... on level 4 of the Dungeon.
             The game lasted 00:03:23 (1041 turns).

GigaChad the Shield-Bearer (Minotaur Fighter)       Turns: 1041, Time: 00:03:24

Health: -4/36      AC:  7    Str: 22    XL:     4   Next: 44%
Magic:  3/3        EV:  9    Int:  5    God:    Hepliaklqana [*.....]
Gold:   96         SH:  4    Dex: 10    Spells: 3/3 levels left

rFire   . . .      SeeInvis .   a - +0 long sword
rCold   . . .      Faith    .   c - +0 buckler
rNeg    . . .      Spirit   .   b - +0 scale mail
rPois   .          Reflect  .   (helmet restricted)
rElec   .          Harm     .   (no cloak)
rCorr   .          Rampage  .   (no gloves)
Will    .....                   (no boots)
Stlth   ..........              (no amulet)
HPRegen 0.12/turn               (no ring)
MPRegen 0.08/turn               (no ring)

@: no status effects
A: reduced essence, horns 2, retaliatory headbutt
a: Renounce Religion, Recall Ancestor, Ancestor Identity


You were on level 4 of the Dungeon.
You worshipped Hepliaklqana.
Hepliaklqana was aware of your devotion.
You visited 1 branch of the dungeon, and saw 3 of its levels.

You collected 96 gold pieces.

Inventory:

Hand Weapons
 a - a +0 long sword (weapon)
Armour
 b - a +0 scale mail (worn)
 c - a +0 buckler (worn)
Scrolls
 h - a scroll of identify {unknown}
 i - a scroll of enchant weapon {unknown}
Potions
 d - a potion of might
 e - 2 potions of berserk rage {unknown}
 f - 2 potions of curing {unknown}
 g - a potion of degeneration {unknown}
 j - a potion of haste {unknown}


   Skills:
 + Level 4.3 Fighting
 + Level 3.5 Long Blades
 + Level 4.3 Armour
 + Level 0.9 Dodging
 + Level 4.4 Shields


You had 3 spell levels left.
You didn't know any spells.
Your spell library was empty.

Dungeon Overview and Level Annotations

Branches:
Dungeon (2/15)

Altars:
Hepliaklqana


Innate Abilities, Weirdness & Mutations

Your life essence is reduced to manifest your ancestor. (-10% HP)
You have a pair of horns on your head.
You reflexively headbutt those who attack you in melee.


Message History

Solas remembers more of his old skill.
You feel sick.
You barely miss the adder.
You feel sick. You block the adder's attack. The adder bites you.
You completely miss the adder.
You feel sick. The adder bites you but does no damage.
You block the adder's attack.
You barely miss the adder.
You feel sick. The adder barely misses you. You furiously retaliate!
You headbutt the adder!
You kill the adder!
You feel sick.
You are no longer poisoned.
You see here an adder corpse.
You see here a howler monkey corpse.
You start resting.
An iguana comes into view.
You now have 96 gold pieces (gained 9).
The iguana hisses angrily.
The iguana hisses menacingly.
You hit the iguana.
The iguana is moderately wounded.
The iguana bites you!
* * * LOW HITPOINT WARNING * * *
You hit the iguana but do no damage. You headbutt the iguana.
The iguana is moderately wounded.
The iguana closely misses you.
The iguana bites you but does no damage.
You closely miss the iguana.
The iguana is moderately wounded.
The iguana bites you but does no damage.
You hit the iguana but do no damage.
The iguana is moderately wounded.
You block the iguana's attack.
You slash the iguana!
The iguana is severely wounded.
The iguana bites you.
* * * LOW HITPOINT WARNING * * *
You hit the iguana but do no damage.
The iguana is severely wounded.
You block the iguana's attack. The iguana bites you!
You die...

.....##.#.###.....#
#...........#
####.#.####[# #.#.#
#.# #.#.# #.#
###†#.# #.# #.$†..#
#..
#.#####.....#######
#.....l@...........
#######.....#####
#..#...# ##....(#
.......# ######.##
#.# #.# #..


You could see an iguana.

Vanquished Creatures
  A howler monkey (D:4)
  4 adders
  2 endoplasms (D:2)
  A giant cockroach (D:1)
  A goblin (D:1)
  3 jackals (D:1)
  3 kobolds
  A quokka (D:2)
  3 ball pythons
  A bat (D:1)
  3 frilled lizards
  8 rats
31 creatures vanquished.

Vanquished Creatures (collateral kills)
  A bat (D:2)
1 creature vanquished.

Grand Total: 32 creatures vanquished

Notes
Turn   | Place    | Note
-------+----------+-------------------------------------------
     0 | D:1      | GigaChad the Minotaur Fighter began the quest for the Orb.
     0 | D:1      | Reached XP level 1. HP: 19/19 MP: 0/0
   221 | D:1      | Reached XP level 2. HP: 27/27 MP: 1/1
   656 | D:2      | Reached XP level 3. HP: 29/33 MP: 2/2
   930 | D:2      | Found a faded altar of an unknown god.
   955 | D:2      | Prayed at the altar of an unknown god.
   955 | D:2      | Became a worshipper of Hepliaklqana the Forgotten
   955 | D:2      | Reached * piety under Hepliaklqana
   996 | D:2      | You fall into a shaft and drop 2 floors!
  1018 | D:4      | Reached XP level 4. HP: 19/36 MP: 3/3
  1041 | D:4      | Slain by an iguana

Illustrated notes

Levels and vault maps discovered:
D:1:      minmay_arrival_semitransparent, layout_rooms, glass_columns_a
D:2:      layout_basic, dreamdust_ecumenical_altar_statues
D:4:      layout_loops_ring, ebering_ghost_reflecting_pool, uniq_natasha

Skill      XL: |  1  2  3 |
---------------+----------+-----
Shields        | 4 |  4.4
Fighting       | 4 |  4.3
Armour         | 4 |  4.3
Long Blades    | 3 |  3.5
Dodging        | |  0.9

Action                   |  1- 3 |  4- 6 || total
-------------------------+-------+-------++-------
Melee: Long sword        |    82 |     9 ||    91
       Headbutt          |     6 |     1 ||     7
Invok: Ancestor Identity |     2 |       ||     2
Armor: Scale mail        |    63 |     3 ||    66
Dodge: Dodged            |    60 |     2 ||    62
Block: Buckler           |    30 |     4 ||    34
